 Dungeon Crawl Stone Soup version 0.30-a0-395-gfe72c29 (webtiles) character file.

Game seed: 7935390149469277046

45014 dontdoit the Markskobold (level 14, -8/90 HPs)
             Began as a Kobold Hunter on Dec 6, 2022.
             Was the Champion of Okawaru.
             Drowned by a drowned soul (16 damage)
             ... summoned by a merfolk avatar
             ... on level 5 of the Lair of Beasts.
             The game lasted 01:27:05 (26010 turns).

dontdoit the Markskobold (Kobold Hunter)           Turns: 26010, Time: 01:27:06

Health: -8/90      AC: 19    Str: 10    XL:     14   Next: 68%
Magic:  29/29      EV: 24    Int: 12    God:    Okawaru [******]
Gold:   894        SH:  0    Dex: 20    Spells: 13/13 levels left

rFire   . . .      SeeInvis +    x - +8 war axe "Rirosadgh" {freeze, SInv Stlth+}
rCold   . . .      Faith    .    (no shield)
rNeg    + . .      Spirit   .    C - +0 acid dragon scales
rPois   .          Reflect  .    t - +1 helmet
rElec   .          Harm     .    B - +1 cloak
rCorr   +          Rampage  .    s - +0 pair of gloves
Will    +....                    h - +1 pair of boots
Stlth   ++++......               (no amulet)
HPRegen 0.35/turn                Y - ring of Doarebarch {rN+ MP+9 EV+4 SInv}
MPRegen 0.21/turn                l - +4 ring of protection

@: flying, mesmerised
A: small, no large weapons, nightstalker 3
a: Renounce Religion, Heroism, Finesse, Duel


You were on level 5 of the Lair of Beasts.
You worshipped Okawaru.
Okawaru was exalted by your worship.
You visited 3 branches of the dungeon, and saw 17 of its levels.

You collected 999 gold pieces.
You spent 105 gold pieces at shops.

Inventory:

Hand Weapons
 a - a +0 eveningstar of protection
 b - a +2 arbalest of flaming
 d - the +5 demon whip "Spellbinder" {antimagic, Will+}
   (You found it on level 2 of the Dungeon)

   It reduces the magical energy of the wielder, and disrupts the spells and
   magical abilities of those it strikes.
   Natural abilities and divine invocations are not affected.
   It unleashes wild and unpredictable magical effects upon striking a wizard or
   a creature with magical abilities.
   Will:      It increases your willpower.
 n - a +0 dagger of holy wrath
 q - a +0 spear
 v - a +2 whip of electrocution
 x - the +8 war axe "Rirosadgh" (weapon) {freeze, SInv Stlth+}
   (You found it on level 11 of the Dungeon)

   It freezes those it strikes, dealing additional cold damage.
   It can also slow down cold-blooded creatures.
   SInv:      It lets you see invisible.
   Stlth:     It makes you more stealthy.
 y - a +0 shortbow of flaming
 O - a +0 rapier
 T - a +6 broad axe of electrocution
 Z - the +6 lajatang "Aheiteog" {vorpal, rF+ Will+ Dex+4}
   (Okawaru gifted it to you on level 5 of the Lair of Beasts)

   It inflicts extra damage upon your enemies.
   Dex:       It affects your dexterity (+4).
   rF:        It protects you from fire.
   Will:      It increases your willpower.
Missiles
 G - a throwing net
Armour
 c - a +0 leather armour
 h - a +1 pair of boots (worn)
 m - a +1 robe of fire resistance
 s - a +0 pair of gloves (worn)
 t - a +1 helmet (worn)
 B - a +1 cloak (worn)
 C - +0 acid dragon scales (worn)
 N - a +1 chain mail of poison resistance
 S - a +2 robe of resistance
Jewellery
 e - a ring of positive energy
 f - a ring of fire
 l - a +4 ring of protection (right hand)
 H - a ring of flight
 Q - a +6 ring of strength
 W - a ring of protection from cold
 Y - the ring of Doarebarch (left hand) {rN+ MP+9 EV+4 SInv}
   (You acquired it on level 7 of the Dungeon)

   [ring of evasion]

   EV:        It affects your evasion (+4).
   rN:        It protects you from negative energy.
   MP:        It affects your magic capacity (+9).
   SInv:      It lets you see invisible.
Wands
 p - a wand of iceblast (9)
 A - a wand of paralysis (14)
 U - a wand of polymorph (2)
Scrolls
 j - 5 scrolls of blinking
 r - a scroll of magic mapping
 u - a scroll of fog
 w - 3 scrolls of brand weapon
 D - 2 scrolls of fear
 F - 2 scrolls of enchant armour
 I - a scroll of teleportation
 J - 3 scrolls of enchant weapon
 P - 8 scrolls of immolation
 R - 2 scrolls of torment
 V - 5 scrolls of identify
Potions
 g - 2 potions of flight
 k - 4 potions of mutation
 o - a potion of cancellation
 z - 5 potions of curing
 E - 3 potions of haste
 K - 2 potions of ambrosia
 L - a potion of magic
 M - 2 potions of invisibility
 X - 2 potions of berserk rage


   Skills:
 + Level 11.3 Fighting
 + Level 9.9(10.0) Maces & Flails
 + Level 1.4(6.4) Staves
 * Level 18.9 Ranged Weapons
 - Level 5.0 Armour
 + Level 9.9 Dodging
 - Level 1.3 Stealth
 - Level 8.4 Invocations
 + Level 5.8 Evocations


You had 13 spell levels left.
You didn't know any spells.
Your spell library contained the following spells:

 Spells                   Type           Power      Damage    Failure   Level
 Freeze                   Ice            0%         1d3       45%         1
 Cigotuvi's Dreadful Rot  Necr/Pois/Air  0%         N/A       58%         2
 Frozen Ramparts          Ice            0%         1d1       83%         3
 Hailstorm                Conj/Ice       0%         3d3       83%         3
 Ozocubu's Armour         Ice            0%         N/A       83%         3
 Portal Projectile        Hex/Tloc       0%         N/A       83%         3
 Vhi's Electric Charge    Tloc/Air       0%         N/A       83%         3
 Cause Fear               Hex            0%         N/A       99%         4
 Dispel Undead            Necr           0%         3d6       99%         4
 Olgreb's Toxic Radiance  Pois           0%         N/A       99%         4
 Arcjolt                  Conj/Air       0%         1d10      100%        5
 Blade Hands              Tmut           0%         N/A       100%        5
 Iron Shot                Conj/Erth      0%         9d1       100%        6
 Dragon Form              Tmut           0%         N/A       100%        7
 Ozocubu's Refrigeration  Ice            0%         4d7       100%        7
 Storm Form               Tmut/Air       0%         N/A       100%        7
 Ignition                 Fire           0%         3d3       100%        8
 Maxwell's Capacitive Co  Air            0%         ∞         100%        8
 Chain Lightning          Conj/Air       0%         N/A       100%        9
 Fire Storm               Conj/Fire      0%         5d1       100%        9
 Shatter                  Erth           0%         3d5*      100%        9
 Tukima's Dance           Hex            Unusable   N/A       N/A         3
 Animate Armour           Summ/Erth      Unusable   N/A       N/A         4
 Summon Lightning Spire   Summ/Air       Unusable   N/A       N/A         4
 Death Channel            Necr           Unusable   N/A       N/A         6
 Dragon's Call            Summ           Unusable   N/A       N/A         9

Dungeon Overview and Level Annotations

Branches:
Dungeon (11/15)            Temple (1/1) D:5            Lair (5/5) D:10
  Swamp (0/4) Lair:2        Snake (0/4) Lair:2        Slime (0/5) Lair:4
    Orc (0/2) D:9

Altars:
Ashenzari
Cheibriados
Dithmenos
Elyvilon
Fedhas
Gozag
Hepliaklqana
Kikubaaqudgha
Makhleb
Nemelex Xobeh
Okawaru
Qazlal
Ru
Sif Muna
Trog
Uskayaw
Vehumet
Wu Jian
Xom
Yredelemnul
Zin
The Shining One

Shops:
D:8 *   D:9 :   D:10 [

Portals:
Trove: D:10 (give 20 potions of curing)

Annotations:
D:5 Duvessa
D:6 exclusion: orc warrior


Innate Abilities, Weirdness & Mutations

You are small and have problems with some larger weapons.
You are completely attuned to the shadows.


Message History

The merfolk avatar chants its luring song.
The drowned soul touches you. The drowned soul drowns you!
* * * LOW HITPOINT WARNING * * *
Unknown command.
You feel much better.
The merfolk avatar chants its luring song.
The drowned soul touches you. The drowned soul drowns you!
* * * LOW HITPOINT WARNING * * *
Your +0 eveningstar of protection goes still.
The +8 war axe "Rirosadgh" {freeze, SInv Stlth+} glows with a cold blue light!
x - the +8 war axe "Rirosadgh" (weapon)
{freeze, SInv Stlth+} The merfolk avatar chants its luring song.
You slash the drowned soul!
The drowned soul is severely damaged.
You closely miss the merfolk avatar.
The merfolk avatar chants its luring song.
The drowned soul touches you. The drowned soul drowns you!
* * * LOW HITPOINT WARNING * * *
You slash the merfolk avatar! You freeze the merfolk avatar.
The merfolk avatar is lightly wounded.
The merfolk avatar chants its luring song.
Blink to where?
Press: ? - help, Dir - move target You cannot blink away from the merfolk avatar!
Blink to where?
Press: ? - help, Dir - move target You cannot blink away from the merfolk avatar!
Blink to where?
Press: ? - help, Dir - move target, f - you
Okay, then.
Unknown command.
You feel better.
The merfolk avatar chants its luring song.
The drowned soul touches you. The drowned soul drowns you!
* * * LOW HITPOINT WARNING * * *
As you read the scroll of fear, it crumbles to dust.
You assume a fearsome visage.
The drowned soul is unaffected. x2
The merfolk avatar resists with almost no effort.
The drowned soul touches you. The drowned soul drowns you!
You die...

..~#~~~##~~~#~~~~~~##~~##~~##~...
...~~~..~~~P~~~~~~.~~~~~~~~~~~...
..~~~~~~~~~~~~~~~~~~~~~~~~~~~....
..~##.######~#####.#######~#.....
..~##~#~~.#⌠P.~~~~~~⌠ ##....
...~~~†~~~.~~~~~~~~~~ ~~...
..~~~~~~~~#~.~~~~~~~~ ~....
...##~~~†~~~8~~#~~#.~ ..
...##~#~~~#~~#$!@$P~~ #S...
#.~~~~~~~Y#~~#$≈mW~~~ ~.~...
...~~ #?≈≈[.~~ ~~.§.. .†~##~
~~!!)!#~~ ##~... #.~~~~ .#~##~#~~
~~.... ...~~~ ~~..D. ...~~~~ ~
P~~..# .~~##~# ~#~~~...# ~~~#~~##
#~~##~..#


You could see a merfolk avatar (mesmerising) and a drowned soul (summoned).

Vanquished Creatures
  4 hydras
  Erolcha (D:11)
  A two-headed ogre (D:10)
  A catoblepas (Lair:5)
  6 death yaks (Lair:1)
  Urug (Lair:3)
  A fire crab (Lair:5)
  2 sea snakes (Lair:5)
  Pikel (D:7)
  An oklob plant (Lair:1)
  A harpy (Lair:5)
  2 manticores
  5 elephants
  4 black mambas
  Maggie (D:7)
  A gargoyle (D:11)
  4 rime drakes
  An unseen horror (D:11)
  10 cane toads
  An efreet (D:10)
  11 komodo dragons
  A guardian mummy (D:10)
  A troll (D:11)
  2 hornets
  4 polar bears
  A snapping turtle (Lair:5)
  29 blink frogs
  11 dream sheep (Lair:5)
  4 wyverns
  26 yaks
  Eustachio (D:5)
  6 basilisks
  6 steam dragons
  A swamp worm (Lair:2)
  6 nagas (Lair:2)
  14 water moccasins
  4 acid dragons
  5 orc warriors
  2 ice beasts
  2 ogres (D:5)
  2 black bears
  2 sky beasts
  9 centaurs
  8 wolves
  A phantom (D:5)
  Blork the orc (D:5)
  2 kobold brigands
  3 bullfrogs
  A necrophage (D:4)
  2 scorpions
  Dowan (D:5)
  13 killer bees (D:10)
  4 electric eels
  A howler monkey (D:9)
  4 orc priests
  4 jellies
  A gnoll bouda (D:9)
  3 hounds
  2 iguanas (D:6)
  Natasha (thrice) (D:4)
  8 orc wizards
  6 gnolls
  9 adders
  A shadow imp (D:5)
  An ufetubus (D:7)
  A worm (D:2)
  A dart slug (D:5)
  32 orcs
  8 ball pythons
  9 endoplasms
  5 giant cockroaches
  5 goblins
  10 hobgoblins
  4 jackals (D:4)
  20 kobolds
  2 quokkas
  8 bats
  10 rats
393 creatures vanquished.

Vanquished Creatures (others)
  A fire vortex (Lair:5)
  26 fungi
  103 plants
130 creatures vanquished.

Grand Total: 523 creatures vanquished

Notes
Turn   | Place    | Note
-------+----------+-------------------------------------------
     0 | D:1      | dontdoit the Kobold Hunter began the quest for the Orb.
     0 | D:1      | Reached XP level 1. HP: 12/12 MP: 1/1
   268 | D:1      | Reached XP level 2. HP: 18/18 MP: 2/2
   717 | D:1      | Reached skill level 6 in Ranged Weapons
   717 | D:1      | Reached XP level 3. HP: 22/22 MP: 3/3
  1276 | D:2      | Reached XP level 4. HP: 27/27 MP: 4/4
  1882 | D:2      | Reached XP level 5. HP: 32/32 MP: 5/5
  1926 | D:2      | Found the +5 demon whip "Spellbinder" {antimagic, Will+}
  3319 | D:4      | Reached skill level 7 in Ranged Weapons
  3698 | D:4      | Reached XP level 6. HP: 37/37 MP: 6/6
  3759 | D:4      | Reached skill level 1 in Maces & Flails
  4170 | D:4      | Noticed Natasha
  4174 | D:4      | Killed Natasha
  4245 | D:4      | Reached XP level 7. HP: 43/43 MP: 7/7
  4247 | D:4      | Noticed Natasha
  4256 | D:4      | Killed Natasha
  4257 | D:4      | Reached skill level 8 in Ranged Weapons
  4261 | D:4      | Noticed Natasha
  4267 | D:4      | Killed Natasha
  4268 | D:4      | Reached skill level 1 in Armour
  4486 | D:5      | Entered Level 5 of the Dungeon
  4506 | D:5      | Noticed Blork the orc
  4517 | D:5      | Killed Blork the orc
  4526 | D:5      | Noticed Dowan
  4690 | D:5      | Noticed Duvessa
  4778 | D:5      | Noticed Eustachio
  4793 | D:5      | Killed Eustachio
  4794 | D:5      | Reached skill level 9 in Ranged Weapons
  4794 | D:5      | Reached XP level 8. HP: 40/48 MP: 2/8
  5150 | D:5      | Found a staircase to the Ecumenical Temple.
  5156 | Temple   | Entered the Ecumenical Temple
  5446 | Temple   | Became a worshipper of Warmaster Okawaru
  5475 | D:5      | You fall into a shaft and drop 3 floors!
  5533 | D:8      | Found Mampap's General Store.
  5538 | D:8      | Bought a scroll of fog for 60 gold pieces
  5538 | D:8      | Bought a potion of lignification for 45 gold pieces
  5541 | D:7      | Noticed Maggie
  5553 | D:7      | Killed Maggie
  5554 | D:7      | Reached skill level 5 in Fighting
  5554 | D:7      | Reached skill level 1 in Invocations
  5717 | D:7      | Reached skill level 10 in Ranged Weapons
  5806 | D:7      | Reached XP level 9. HP: 46/54 MP: 3/10
  5941 | D:7      | Reached * piety under Okawaru
  6082 | D:6      | Found a glowing silver altar of Zin.
  7464 | D:5      | Killed Dowan
  7652 | D:6      | Reached skill level 11 in Ranged Weapons
  8499 | D:6      | Reached skill level 5 in Dodging
  8737 | D:7      | Identified the +0 leather armour of Monotheism {rCorr Str+6
                  | Slay-4}
  8910 | D:7      | Noticed Pikel
  8928 | D:7      | Killed Pikel
  9016 | D:7      | Identified a scroll of acquirement
  9016 | D:7      | Acquired the ring of Doarebarch {rN+ MP+9 EV+4 SInv}
  9180 | D:7      | Reached ** piety under Okawaru
  9183 | D:7      | Reached XP level 10. HP: 57/61 MP: 7/12
  9522 | D:8      | Reached skill level 12 in Ranged Weapons
 10336 | D:8      | Reached skill level 5 in Maces & Flails
 10910 | D:9      | Reached *** piety under Okawaru
 10933 | D:9      | Reached skill level 5 in Invocations
 11023 | D:9      | Found Wolalaucs's Book Shoppe.
 11085 | D:9      | Found a staircase to the Orcish Mines.
 11198 | D:9      | Reached skill level 13 in Ranged Weapons
 11864 | D:9      | Reached **** piety under Okawaru
 12163 | D:10     | Entered Level 10 of the Dungeon
 12404 | D:10     | Reached XP level 11. HP: 67/67 MP: 8/15
 12903 | D:10     | Noticed a two-headed ogre
 12911 | D:10     | Killed a two-headed ogre
 13513 | D:10     | Found a portal to a secret trove of treasure.
 13676 | D:10     | Reached skill level 14 in Ranged Weapons
 14393 | D:10     | Found a staircase to the Lair.
 14460 | D:10     | Found Gocani's Armour Shoppe.
 15056 | D:11     | Noticed Erolcha
 15077 | D:11     | Reached ***** piety under Okawaru
 15105 | D:11     | Killed Erolcha
 15679 | D:11     | Reached XP level 12. HP: 75/75 MP: 17/17
 15757 | D:11     | Received a gift from Okawaru
 15758 | D:11     | Reached skill level 15 in Ranged Weapons
 16442 | D:11     | Identified the +8 war axe "Rirosadgh" {freeze, SInv Stlth+}
 17067 | Lair:1   | Entered Level 1 of the Lair of Beasts
 18290 | Lair:1   | Noticed a death yak
 18290 | Lair:1   | Noticed a death yak
 18290 | Lair:1   | Noticed a death yak
 18323 | Lair:1   | Killed a death yak
 18339 | Lair:1   | Noticed a death yak
 18341 | Lair:1   | Noticed a death yak
 18344 | Lair:1   | Noticed a death yak
 18359 | Lair:1   | Killed a death yak
 18360 | Lair:1   | Reached skill level 16 in Ranged Weapons
 18365 | Lair:1   | Killed a death yak
 18375 | Lair:1   | Killed a death yak
 18378 | Lair:1   | Killed a death yak
 18386 | Lair:1   | Killed a death yak
 18386 | Lair:1   | Reached ****** piety under Okawaru
 18653 | Lair:1   | Reached XP level 13. HP: 46/81 MP: 13/19
 18873 | Lair:1   | Received a gift from Okawaru
 19734 | Lair:1   | Upgraded the game from 0.30-a0-394-g3e4acdb to
                  | 0.30-a0-395-gfe72c29
 19747 | Lair:2   | Reached skill level 10 in Fighting
 19991 | Lair:2   | Reached skill level 1 in Evocations
 20084 | Lair:2   | Reached skill level 17 in Ranged Weapons
 20312 | Lair:2   | Identified the +1 ring mail of the Forsaken Runes {Rampage
                  | rCorr MP+9 Stlth-}
 20319 | Lair:2   | Identified the +14 plate armour of the Mackerel {rF+ Str-3
                  | Slay+6} (Okawaru gifted it to you on level 2 of the Lair of
                  | Beasts)
 20319 | Lair:2   | Received a gift from Okawaru
 20549 | Lair:2   | Found a staircase to the Snake Pit.
 20664 | Lair:2   | Found a staircase to the Swamp.
 21108 | Lair:3   | Noticed Urug
 21126 | Lair:3   | Killed Urug
 23099 | Lair:4   | Found a staircase to the Slime Pits.
 23413 | Lair:5   | Entered Level 5 of the Lair of Beasts
 23539 | Lair:5   | Reached skill level 18 in Ranged Weapons
 23539 | Lair:5   | Reached skill level 5 in Armour
 23539 | Lair:5   | Reached XP level 14. HP: 33/88 MP: 20/20
 24055 | Lair:5   | Received a gift from Okawaru
 24623 | Lair:4   | Reached skill level 5 in Evocations
 25008 | Lair:5   | Identified the +6 lajatang "Aheiteog" {vorpal, rF+ Will+
                  | Dex+4} (Okawaru gifted it to you on level 5 of the Lair of
                  | Beasts)
 25008 | Lair:5   | Received a gift from Okawaru
 25709 | Lair:5   | Reached skill level 1 in Staves
 26010 | Lair:5   | Drowned by a drowned soul

Illustrated notes

Levels and vault maps discovered:
D:1:      dpeg_arrival_stonehenge_12_columns, layout_basic,
          hangedman_abyss_or_decor_lesser_grid
D:2:      layout_basic, minmay_misc_feat_encased
D:3:      layout_loops_ring, serial_rivers, chequers_serial_rivers_micro_b,
          chequers_serial_rivers_small_a, chequers_serial_rivers_small_a,
          chequers_serial_rivers_large_a, chequers_serial_rivers_room_a,
          chequers_serial_rivers_room_a, minmay_fractal_squares_diagonal_5
D:4:      layout_rooms, uniq_natasha
D:5:      layout_loops_ring, minmay_temple_entry_trees, kennysheep_path_1,
          ebering_dispersal_statue_hall, grunt_decor_mini_mirrors,
          patterned_corridor, uniq_eustachio, uniq_duvessa, uniq_blork_the_orc
D:6:      cheibrodos_iron_armory, layout_basic, lemuel_crystal_altar
D:7:      layout_rooms, minivault_11, minivault_10, uniq_maggie, uniq_pikel
D:8:      layout_gridville, serial_shops, nicolae_shop_trees
D:9:      layout_long_grid, minmay_orc_entry_temple_small, serial_shops,
          nicolae_shop_advertising_works [nicolae_subvault_shop_adworks]
D:10:     layout_loops_corners, erik_lair_dragon,
          nicolae_trove_entry_path_of_doom, serial_shops, kennysheep_mini,
          nicolae_wwwww, lightli_fourway_metalbox
D:11:     layout_grid_maze, uniq_erolcha
Temple:   mainiacjoe_temple_hex_bubbles
Lair:1:   layout_cellular_growth, serial_bayou_lake_a, grunt_megastairs_1,
          infiniplex_staircase_pool_2
Lair:2:   layout_gridlike, minmay_swamp_entry_worms,
          minmay_snake_entry_guardpost_medium
Lair:3:   layout_gridlike, minivault_24, chequers_serial_rivers_micro_b,
          uniq_urug
Lair:4:   layout_small_grid, slime_entry_1, nicolae_lair_lil_pond,
          serial_bayou_shore_a
Lair:5:   gammafunk_lair_ancient_temple, layout_gridlike

Skill      XL: |  1  2  3  4  5  6  7  8  9 10 11 12 13 14 |
---------------+-------------------------------------------+-----
Ranged Weapons | 6 7 9 10 11 13 14 16 18 | 18.9
Dodging        | 3 4 5 6 7 8 9 |  9.9
Fighting       | 3 4 5 6 7 8 9 10 11 | 11.3
Maces & Flails | 1 2 3 4 5 6 7 9 |  9.9
Armour         | 2 3 4 5 |  5.0
Invocations    | 2 3 5 6 8 |  8.4
Evocations     | 4 5 |  5.8
Staves         | 1 |  1.4
Stealth        | |  1.3

Action                   |  1- 3 |  4- 6 |  7- 9 | 10-12 | 13-15 || total
-------------------------+-------+-------+-------+-------+-------++-------
Melee: Spear             |     6 |       |       |       |       ||     6
       Demon whip        |       |    63 |   165 |   517 |     8 ||   753
       Punch             |       |       |     6 |     9 |     7 ||    22
       War axe           |       |       |       |    77 |   141 ||   218
       Eveningstar       |       |       |       |       |   327 ||   327
 Fire: Shortbow          |    67 |   110 |    60 |   208 |   183 ||   628
       Arbalest          |       |       |       |       |    73 ||    73
Invok: Heroism           |       |       |       |     2 |     6 ||     8
       Finesse           |       |       |       |     1 |     2 ||     3
Evoke: Wand              |       |       |       |     1 |     4 ||     5
  Use: Scroll            |       |     8 |     9 |     9 |     3 ||    29
       Potion            |       |       |     1 |     6 |     6 ||    13
 Stab: Sleeping          |       |       |     2 |       |       ||     2
Armor: Leather armour    |     4 |    22 |    66 |    67 |       ||   159
       Acid dragon scale |       |       |       |    70 |   195 ||   265
Dodge: Dodged            |    16 |    96 |   132 |   582 |   697 ||  1523

Table legend: (Time is in decaauts)
 A = Elapsed time spent in this place.
 B = Non-inter-level travel time spent in this place.
 C = Inter-level travel time spent in this place.
 D = Time resting spent in this place.
 E = Time spent auto-exploring this place.
 F = Levels seen in this place.
 G = Mean time per level.
                   A        B        C        D        E       F      G
               +--------+--------+--------+--------+--------+-----+--------+
         Total |  25868 |  24477 |   1391 |   1547 |  19017 |  17 | 1521.6 |
       Dungeon |  16644 |  15528 |   1116 |    554 |  12519 |  11 | 1513.1 |
        Temple |    314 |    278 |     36 |      0 |    261 |   1 |  314.0 |
          Lair |   8909 |   8671 |    238 |    993 |   6236 |   5 | 1781.8 |
               +--------+--------+--------+--------+--------+-----+--------+

Top non-repeatable levels by time:
    D:10: 2759 daAuts
  Lair:1: 2660 daAuts
    D:11: 2019 daAuts
  Lair:4: 1835 daAuts
  Lair:5: 1828 daAuts
     D:5: 1663 daAuts
     D:8: 1548 daAuts
     D:9: 1381 daAuts
  Lair:2: 1372 daAuts
     D:6: 1325 daAuts
     D:3: 1307 daAuts
     D:2: 1303 daAuts
     D:4: 1262 daAuts
  Lair:3: 1213 daAuts
     D:7: 1155 daAuts
